 Dungeon Crawl Stone Soup version 0.28-a0-1143-gcf6077d4cc (webtiles) character file.

Game seed: 15371531738769130879

105060 flotson the Fighter (level 15, -1/120 HPs)
             Began as a Demonspawn Gladiator on Dec 14, 2021.
             Was the Champion of Qazlal.
             Slain by an entropy weaver simulacrum (33 damage)
             ... in an ice cave.
             The game lasted 01:05:33 (23997 turns).

flotson the Fighter (Demonspawn Gladiator)         Turns: 23997, Time: 01:05:38

Health: -1/120     AC: 28    Str: 24    XL:     15   Next: 93%
Magic:  0/23       EV: 17    Int: 17    God:    Qazlal [******]
Gold:   2313       SH: 21    Dex: 20    Spells: 14/14 levels left

rFire   x . .      SeeInvis +   a - +9 rapier of Gol Kegh {spect, *Rage rPois Int+3}
rCold   . . .      Faith    .   s - +1 kite shield of Citinof {Drain Str+4 Dex+2 SInv}
rNeg    . . .      Spirit   +   X - +6 scale mail of Shadows and Fog {rElec rC- rCorr Dex+3}
rPois   +          Reflect  .   N - +1 helmet {Int+3}
rElec   +          Harm     .   n - +2 cloak {rPois}
rCorr   +          Rampage  .   f - +0 pair of gloves
Will    +....      Rage     20% (boots unavailable)
Stlth   ..........              C - amulet of guardian spirit
HPRegen 0.30/turn               U - ring of ice
MPRegen 0.18/turn               A - +4 ring of protection

@: about to teleport, repel missiles
A: hooves 3, demonic guardian 2, ignite blood 1, sharp scales 2
a: Renounce Religion, Upheaval, Elemental Force, Disaster Area


You were in an ice cave.
You worshipped Qazlal.
Qazlal was exalted by your worship.
You visited 4 branches of the dungeon, and saw 23 of its levels.
You also visited: Sewer, Ice Cave and Volcano.

You collected 2728 gold pieces.
You spent 415 gold pieces at shops.

Inventory:

Hand Weapons
 a - the +9 rapier of Gol Kegh (weapon) {spect, *Rage rPois Int+3}
   (You found it on level 5 of the Dungeon)

   When its wielder attacks, the weapon's spirit leaps out and strikes again.
   The spirit shares a part of any damage it takes with its wielder.
   Int:       It affects your intelligence (+3).
   rPois:     It protects you from poison.
   *Rage:     It berserks you when you make melee attacks (+20% chance).
 K - a +0 broad axe
Missiles
 d - 5 throwing nets
 l - 3 javelins (quivered)
 z - 5 atropa-tipped darts
 G - a curare-tipped dart
Armour
 b - a scarf of shadows
 f - a +0 pair of gloves (worn)
 n - a +2 cloak of poison resistance (worn)
 s - the +1 kite shield of Citinof (worn) {Drain Str+4 Dex+2 SInv}
   (You found it on level 8 of the Dungeon)

   Str:       It affects your strength (+4).
   Dex:       It affects your dexterity (+2).
   SInv:      It lets you see invisible.
   Drain:     It drains your maximum health when unequipped.
 N - a +1 helmet of intelligence (worn)
 X - the +6 scale mail of Shadows and Fog (worn) {rElec rC- rCorr Dex+3}
   (You found it on level 6 of the Lair of Beasts)

   Dex:       It affects your dexterity (+3).
   rC:        It makes you vulnerable to cold.
   rElec:     It insulates you from electricity.
   rCorr:     It protects you from acid and corrosion.
Jewellery
 e - a +4 ring of evasion
 A - a +4 ring of protection (right hand)
 C - an amulet of guardian spirit (around neck)
 I - the ring "Xoidwaerph" {rF+ rN++ Will- rCorr}
   (You found it on level 8 of the Dungeon)

   [ring of protection from fire]

   rF:        It protects you from fire.
   rN:        It greatly protects you from negative energy.
   rCorr:     It protects you from acid and corrosion.
   Will:      It decreases your willpower.
 U - a ring of ice (left hand)
Wands
 j - a wand of charming (19)
 u - a wand of polymorph (7)
 L - a wand of flame (28)
 P - a wand of acid (7)
 T - a wand of iceblast (14)
Scrolls
 h - 6 scrolls of enchant weapon
 i - 8 scrolls of teleportation
 m - 4 scrolls of fog
 w - 2 scrolls of immolation
 x - 5 scrolls of magic mapping
 y - 2 scrolls of torment {unknown}
 B - 4 scrolls of vulnerability
 E - 3 scrolls of holy word
 F - a scroll of summoning {unknown}
 H - 2 scrolls of fear {unknown}
 J - 4 scrolls of blinking
 M - a scroll of silence {unknown}
 R - 4 scrolls of noise {unknown}
 W - 2 scrolls of enchant armour {unknown}
Potions
 c - a potion of might
 g - 3 potions of attraction
 k - 4 potions of curing
 o - 4 potions of heal wounds
 p - 4 potions of flight
 q - a potion of ambrosia
 r - 2 potions of lignification
 t - 3 potions of cancellation
 v - 2 potions of invisibility
 D - 3 potions of haste
 O - a potion of berserk rage
 Q - 2 potions of mutation
Miscellaneous
 S - a phial of floods
 V - a tin of tremorstones (2/2)
 Y - a piece from Xom's chessboard (15/15)


   Skills:
 + Level 12.1 Fighting
 + Level 10.1 Short Blades
 - Level 2.6 Axes
 - Level 7.8 Throwing
 + Level 10.9 Armour
 + Level 11.4 Dodging
 + Level 9.9 Shields
 + Level 11.5 Invocations
 + Level 8.6 Evocations


You had 14 spell levels left.
You didn't know any spells.
Your spell library contained the following spells:

 Spells                   Type           Power      Damage    Failure   Level
 Beastly Appendage        Tmut           0%         N/A       67%         1
 Magic Dart               Conj           0%         1d3       67%         1
 Slow                     Hex            0%         N/A       67%         1
 Call Imp                 Summ           0%         N/A       80%         2
 Ensorcelled Hibernation  Hex/Ice        0%         N/A       80%         2
 Wereblood                Tmut           0%         N/A       80%         2
 Confusing Touch          Hex            0%         N/A       95%         3
 Dazzling Flash           Conj/Hex       0%         N/A       95%         3
 Mephitic Cloud           Conj/Pois/Air  0%         N/A       95%         3
 Spider Form              Tmut/Pois      0%         N/A       95%         3
 Stone Arrow              Conj/Erth      0%         3d7       95%         3
 Tukima's Dance           Hex            0%         N/A       95%         3
 Airstrike                Air            0%         N/A       100%        4
 Animate Armour           Summ/Erth      0%         N/A       100%        4
 Petrify                  Tmut/Erth      0%         N/A       100%        4
 Summon Lightning Spire   Summ/Air       0%         N/A       100%        4
 Agony                    Necr           0%         N/A       100%        5
 Iskenderun's Battlesphe  Conj           0%         2d6       100%        5
 Lightning Bolt           Conj/Air       0%         1d11      100%        5
 Metabolic Englaciation   Hex/Ice        0%         N/A       100%        5
 Silence                  Hex/Air        0%         N/A       100%        5
 Yara's Violent Unravell  Hex/Tmut       0%         3d3       100%        5
 Death Channel            Necr           0%         N/A       100%        6
 Iron Shot                Conj/Erth      0%         9d1       100%        6
 Statue Form              Tmut/Erth      0%         N/A       100%        6
 Spellforged Servitor     Conj/Summ      0%         N/A       100%        7
 Lehudib's Crystal Spear  Conj/Erth      0%         10d2      100%        8
 Necromutation            Tmut/Necr      0%         N/A       100%        8


Dungeon Overview and Level Annotations

Branches:
Dungeon (14/15)            Temple (1/1) D:4            Lair (6/6) D:10
  Swamp (0/4) Lair:2       Spider (0/4) Lair:4        Slime (0/5) Lair:6
    Orc (2/2) D:10            Elf (0/3) Orc:2         Sewer (visited)
  IceCv (1/1)             Volcano (visited)
 Vaults: D:13-14

Altars:
Ashenzari
Cheibriados
Dithmenos
Elyvilon
Fedhas
Gozag
Hepliaklqana
Kikubaaqudgha
Makhleb
Nemelex Xobeh
Okawaru
Qazlal
Ru
Sif Muna
Trog
Uskayaw
Vehumet
Wu Jian
Xom
Yredelemnul
Zin
The Shining One

Shops:
D:8 (   D:9 *   Orc:1 *   Orc:2 ?(*!

Portals:
Trove: D:10 (show slimy rune of Zot)


Innate Abilities, Weirdness & Mutations

You have hooves in place of feet.
A demonic guardian rushes to your aid.
Your demonic aura sometimes causes spilled blood to erupt in flames.
You are mostly covered in razor-sharp scales. (AC +2, Slay +2)


Message History

The bolt of cold hits the entropy weaver simulacrum.
The entropy weaver simulacrum completely resists.
The bolt of cold misses you.
Okay, then.
Unknown command.
Aiming: Upheaval
Press: ? - help, Dir - move target, f/p - Ice Fiend
Aim: an Ice Fiend (severely wounded) Magma suddenly erupts from the ground!
The blast of magma engulfs the Ice Fiend!!
The Ice Fiend is burned terribly!
The Ice Fiend is almost dead.
The blast of magma engulfs the spriggan defender simulacrum!!
The spriggan defender simulacrum melts!
The spriggan defender simulacrum is severely damaged.
The Ice Fiend gestures at you. The bolt of cold misses you.
You block the entropy weaver simulacrum's attack. x2
The entropy weaver simulacrum closely misses you.
You block the entropy weaver simulacrum's attack.
Aiming: Upheaval
Press: ? - help, Dir - move target, f/p - Ice Fiend
Aim: an Ice Fiend (almost dead)
A storm cloud blasts the area with cutting wind!
The cutting wind hits the spriggan defender simulacrum!
The spriggan defender simulacrum vaporises!
Qazlal accepts your kill.
The cutting wind hits the Ice Fiend.
The Ice Fiend is almost dead.
The entropy weaver simulacrum hits you!
The entropy weaver simulacrum freezes you!!
The entropy weaver simulacrum barely misses you.
You block the entropy weaver simulacrum's attack. x2
As you read the scroll of teleportation, it crumbles to dust.
You feel strangely unstable.
You block the entropy weaver simulacrum's attack. x2
The entropy weaver simulacrum hits you.
* * * LOW HITPOINT WARNING * * *
The entropy weaver simulacrum freezes you!!
You die...

.####≈≈≈##
...###≈≈≈#
.....##.#########
##
.#....†....##..[##
1##
###.#...........)#
#..# #
######..##.....#
.4(#
#...##....####.1#
#...###.###.1.#
##....###..@Z##
##......°.###
###....### ######


You could see 2 Ice Fiends, an ice devil and an entropy weaver simulacrum.

Vanquished Creatures
  Kirke (Lair:5)
  Nessos (D:13)
  An ice dragon (Lair:6)
  2 boulder beetles
  14 hydras
  Fannar (Lair:1)
  2 ogre magi (Orc:2)
  A catoblepas (Lair:5)
  11 two-headed ogres
  An orc high priest (Orc:2)
  6 death yaks (Lair:5)
  Nergalle (Lair:3)
  2 fire crabs
  4 skeletal warriors (D:12)
  3 spriggan simulacra (IceCv)
  A bog body (IceCv)
  An obsidian statue (IceCv)
  2 deep trolls (Orc:2)
  A deep elf pyromancer (D:12)
  3 lindwurms
  3 ugly things
  An orc knight (Orc:2)
  2 orc sorcerers
  4 cyclopes
  3 oklob plants (Lair:4)
  2 slime creatures (D:12)
  Maurice (Orc:1)
  24 elephants
  2 black mambas (Lair:1)
  6 torpor snails
  12 cane toads
  10 freezing wraiths (IceCv)
  A kobold demonologist (D:12)
  19 rime drakes
  2 anaconda simulacra (IceCv)
  4 komodo dragons
  2 entropy weaver simulacra (IceCv)
  A jumping spider (Lair:4)
  13 trolls
  17 polar bears
  7 hornets
  4 tyrant leeches
  Grinder (D:4)
  3 raiju (Lair:6)
  8 blink frogs
  7 dream sheep (Lair:5)
  A redback (Lair:4)
  A spriggan (shapeshifter) (D:13)
  A shadow (D:9)
  A vampire (D:6)
  5 wraiths
  44 yaks
  2 basilisks
  5 wyverns
  5 hogs (Lair:5)
  4 fire bats (Volcano)
  Grum (D:8)
  10 vampire mosquitoes
  A minotaur simulacrum (IceCv)
  4 steam dragons
  13 wargs
  Edmund (D:4)
  11 water moccasins
  6 acid dragons
  15 hell hounds
  4 ice beasts
  An ettin simulacrum (IceCv)
  A hornet zombie (D:5)
  14 orc warriors
  2 alligator simulacra (IceCv)
  16 black bears
  22 ogres
  8 centaurs
  28 wolves
  3 kobold brigands (D:7)
  12 bullfrogs
  6 scorpions
  A gnoll sergeant (D:7)
  2 deep troll simulacra (IceCv)
  A water moccasin zombie (D:7)
  A wyvern skeleton (D:7)
  6 killer bees (D:10)
  An electric eel (Lair:1)
  2 howler monkeys
  A bullfrog zombie (D:6)
  3 centaur zombies
  Crazy Yiuf (D:4)
  2 bullfrog skeletons
  A gnoll shaman (D:6)
  12 orc priests
  7 jellies
  3 iguanas
  10 orc wizards
  13 hell rats
  A killer bee zombie (D:4)
  A hound skeleton (D:4)
  2 howler monkey zombies
  A howler monkey skeleton (D:5)
  13 gnolls
  13 adders
  7 river rats (Lair:5)
  A shadow imp (D:7)
  2 white imps
  An ufetubus (D:4)
  7 worms
  2 dart slugs (D:1)
  39 orcs
  13 endoplasms
  10 giant cockroaches
  11 goblins
  10 hobgoblins
  2 jackals (D:2)
  11 kobolds
  12 quokkas
  18 ball pythons
  8 bats
  16 frilled lizards
  7 rats
741 creatures vanquished.

Vanquished Creatures (collateral kills)
  A steam dragon (Lair:2)
  A water moccasin (Temple)
  A gnoll shaman (D:3)
3 creatures vanquished.

Vanquished Creatures (others)
  A steam dragon (Volcano)
  34 fungi
  68 plants
  3 toadstools (D:9)
106 creatures vanquished.

Grand Total: 850 creatures vanquished

Notes
Turn   | Place    | Note
-------+----------+-------------------------------------------
     0 | D:1      | flotson the Demonspawn Gladiator began the quest for the
                  | Orb.
     0 | D:1      | Reached XP level 1. HP: 16/16 MP: 1/1
   119 | D:1      | Gained mutation: You are partially covered in razor-sharp
                  | scales. (AC +1, Slay +1) [demonic ancestry]
   119 | D:1      | Reached XP level 2. HP: 18/22 MP: 2/2
   313 | D:1      | Found a faded altar of an unknown god.
   381 | D:1      | Reached skill level 1 in Armour
   404 | D:1      | Gained mutation: You are mostly covered in razor-sharp
                  | scales. (AC +2, Slay +2) [demonic ancestry]
   404 | D:1      | Reached XP level 3. HP: 28/28 MP: 3/3
   779 | D:2      | Gained mutation: A weak demonic guardian rushes to your
                  | aid. [demonic ancestry]
   779 | D:2      | Reached XP level 4. HP: 26/34 MP: 4/4
  1583 | D:3      | Reached skill level 3 in Fighting
  2479 | D:4      | Noticed an ogre
  2487 | D:4      | Killed an ogre
  2488 | D:4      | Reached XP level 5. HP: 12/41 MP: 5/5
  2800 | D:4      | Reached XP level 6. HP: 29/47 MP: 6/6
  2977 | D:4      | Found a staircase to the Ecumenical Temple.
  2979 | D:4      | Noticed a water moccasin
  2985 | Temple   | Entered the Ecumenical Temple
  2991 | Temple   | Killed a water moccasin
  3346 | Temple   | Became a worshipper of Qazlal Stormbringer
  3775 | D:4      | Reached skill level 4 in Fighting
  3949 | D:4      | Noticed Grinder
  3989 | D:4      | Killed Grinder
  3990 | D:4      | Reached XP level 7. HP: 49/54 MP: 6/8
  4086 | D:4      | Noticed Edmund
  4097 | D:4      | Killed Edmund
  4815 | D:4      | Found a runed translucent door.
  4816 | D:4      | Noticed Crazy Yiuf
  4826 | D:4      | Killed Crazy Yiuf
  4910 | D:5      | Entered Level 5 of the Dungeon
  5004 | D:5      | Found an opulent altar of Gozag.
  5004 | D:5      | Found a sparkling altar of Nemelex Xobeh.
  5009 | D:5      | Found a snail-covered altar of Cheibriados.
  5010 | D:5      | Found a hide-covered altar of Uskayaw.
  5011 | D:5      | Found an ancient bone altar of Kikubaaqudgha.
  5013 | D:5      | Found a shimmering altar of Xom.
  5016 | D:5      | Found a bloodstained altar of Trog.
  5017 | D:5      | Found an iron altar of Okawaru.
  5116 | D:5      | Found a radiant altar of Vehumet.
  5142 | D:5      | Reached XP level 8. HP: 18/61 MP: 10/10
  5198 | D:5      | Identified the +9 rapier of Gol Kegh {spect, *Rage rPois
                  | Int+3}
  5213 | D:5      | Found a glowing drain.
  5221 | Sewer    | Entered a sewer
  5515 | Sewer    | Reached skill level 5 in Dodging
  5530 | Sewer    | Reached * piety under Qazlal
  5648 | Sewer    | Reached skill level 5 in Fighting
  5757 | Sewer    | Reached ** piety under Qazlal
  6610 | D:6      | Reached skill level 1 in Short Blades
  6646 | D:6      | Reached skill level 1 in Shields
  6709 | D:6      | Reached skill level 5 in Throwing
  6851 | D:6      | Reached skill level 5 in Invocations
  7123 | D:7      | Gained mutation: Your demonic aura sometimes causes spilled
                  | blood to erupt in flames. [demonic ancestry]
  7123 | D:7      | Reached XP level 9. HP: 66/68 MP: 12/12
  7223 | D:7      | Reached *** piety under Qazlal
  7397 | D:7      | Reached skill level 5 in Armour
  7413 | D:6      | HP: 3/69 [something (5)]
  7422 | D:6      | Reached skill level 6 in Fighting
  8570 | D:8      | Identified the ring "Xoidwaerph" {rF+ rN++ Will- rCorr}
  8647 | D:8      | Noticed Grum
  8648 | D:8      | Gained mutation: You have large cloven feet. [demonic
                  | ancestry]
  8648 | D:8      | Reached XP level 10. HP: 77/77 MP: 14/14
  8658 | D:8      | Killed Grum
  8685 | D:8      | Identified the +1 kite shield of Citinof {Drain Str+4 Dex+2
                  | SInv}
  8714 | D:8      | Noticed a two-headed ogre
  8719 | D:8      | Killed a two-headed ogre
  8745 | D:8      | Reached **** piety under Qazlal
  9081 | D:8      | Found a hazy altar of Hepliaklqana.
  9142 | D:8      | Found Agoowuge's Antique Weapon Shop.
  9292 | D:8      | Found a basalt altar of Yredelemnul.
  9293 | D:8      | Identified the +3 rapier of Efu Exa {holy, rC+ Will++ Str+4
                  | Dex-4}
  9351 | D:9      | Found Biycou's Elemental Accessories.
  9491 | D:9      | Reached skill level 7 in Fighting
  9617 | D:9      | Noticed a two-headed ogre
  9621 | D:9      | Killed a two-headed ogre
  9674 | D:9      | Noticed a white ugly thing
  9680 | D:9      | Killed a white ugly thing
  9985 | D:9      | Gained mutation: You have hoof-like feet. [demonic
                  | ancestry]
  9985 | D:9      | Reached XP level 11. HP: 84/84 MP: 15/17
 10238 | D:10     | Entered Level 10 of the Dungeon
 10313 | D:10     | Found a staircase to the Orcish Mines.
 10446 | D:10     | Found a staircase to the Lair.
 10640 | D:10     | Reached skill level 5 in Short Blades
 10775 | D:10     | Reached skill level 5 in Shields
 10894 | D:10     | Found a portal to a secret trove of treasure.
 11024 | Lair:1   | Entered Level 1 of the Lair of Beasts
 11027 | Lair:1   | Noticed a six-headed hydra
 11029 | Lair:1   | Noticed an eight-headed hydra
 11040 | D:10     | Killed a six-headed hydra
 11324 | Lair:1   | Reached skill level 8 in Fighting
 11454 | Lair:1   | Killed an eight-headed hydra
 11654 | Lair:1   | Noticed Fannar
 11660 | Lair:1   | Killed Fannar
 12065 | Lair:2   | Noticed a boulder beetle
 12073 | Lair:2   | Gained mutation: You have hooves in place of feet. [demonic
                  | ancestry]
 12073 | Lair:2   | Reached XP level 12. HP: 94/94 MP: 18/18
 12108 | Lair:2   | Killed a boulder beetle
 12316 | Lair:2   | Found a staircase to the Swamp.
 12566 | Lair:2   | You fall into a shaft and drop 2 floors!
 12663 | Lair:3   | Noticed a seven-headed hydra
 12669 | Lair:3   | Killed a seven-headed hydra
 12782 | Lair:2   | Reached skill level 1 in Evocations
 13352 | Lair:2   | Reached skill level 9 in Fighting
 13624 | Lair:3   | Noticed Nergalle
 13634 | Lair:3   | Killed Nergalle
 14042 | Lair:3   | Noticed a boulder beetle
 14051 | Lair:3   | Killed a boulder beetle
 14663 | Lair:4   | Reached XP level 13. HP: 101/101 MP: 19/19
 14830 | Lair:4   | Found a hole to the Spider Nest.
 14852 | Lair:4   | Reached ***** piety under Qazlal
 15731 | Lair:5   | Reached skill level 10 in Fighting
 15886 | Lair:5   | Reached skill level 5 in Evocations
 16401 | Lair:5   | Gained mutation: A demonic guardian rushes to your aid.
                  | [demonic ancestry]
 16401 | Lair:5   | Reached XP level 14. HP: 111/111 MP: 16/20
 16498 | Lair:5   | Reached skill level 10 in Dodging
 16610 | Lair:5   | Noticed Kirke
 16620 | Lair:5   | Killed Kirke
 16906 | Lair:6   | Entered Level 6 of the Lair of Beasts
 17054 | Lair:6   | Identified the +6 scale mail of Shadows and Fog {rElec rC-
                  | rCorr Dex+3}
 17323 | Lair:6   | Got the Papyrus of Earthen Stolen Souls
 17599 | Lair:6   | Found a staircase to the Slime Pits.
 17785 | Lair:6   | Found a runed translucent door.
 17827 | Lair:6   | Reached ****** piety under Qazlal
 17828 | Lair:6   | Reached skill level 11 in Fighting
 18269 | Lair:6   | Reached skill level 10 in Armour
 18317 | Lair:6   | Reached skill level 10 in Invocations
 19179 | Orc:1    | Entered Level 1 of the Orcish Mines
 19195 | Orc:1    | Noticed Maurice
 19204 | Orc:1    | Killed Maurice
 19224 | Orc:1    | Found a dark tunnel.
 19233 | Volcano  | Entered a volcano
 19370 | Volcano  | Reached XP level 15. HP: 119/119 MP: 22/22
 19804 | Orc:1    | Found Tihaifa's Assorted Antiques.
 19813 | Orc:1    | Bought a scroll labelled RAZYSUUBEM for 30 gold pieces
 19813 | Orc:1    | Bought a scroll labelled WIAM QAXITISY for 30 gold pieces
 19813 | Orc:1    | Bought 2 scrolls of identify for 120 gold pieces
 19899 | Orc:2    | Entered Level 2 of the Orcish Mines
 20490 | Orc:2    | Found a bloodstained altar of Trog.
 20564 | Orc:2    | Found Atuorami's Magic Scroll Shop.
 20566 | Orc:2    | Found Jesal's Weapon Emporium.
 20569 | Orc:2    | Found Qimurujer's Assorted Antiques.
 20575 | Orc:2    | Bought a scroll of identify for 34 gold pieces
 20578 | Orc:2    | Found Haqixopu's Distillery.
 20580 | Orc:2    | Bought 3 javelins for 26 gold pieces
 20585 | Orc:2    | Found a staircase to the Elven Halls.
 20608 | Orc:2    | Bought a puce potion for 18 gold pieces
 20608 | Orc:2    | Bought a runed helmet for 157 gold pieces
 22981 | D:13     | Noticed Nessos
 22992 | D:13     | Killed Nessos
 23101 | D:13     | Found a radiant altar of Vehumet.
 23560 | D:14     | Found a frozen archway.
 23566 | IceCv    | Entered an ice cave
 23579 | IceCv    | Reached skill level 10 in Short Blades
 23581 | IceCv    | Reached skill level 12 in Fighting
 23988 | IceCv    | Noticed an Ice Fiend
 23991 | IceCv    | Noticed an Ice Fiend
 23997 | IceCv    | Slain by an entropy weaver simulacrum

Illustrated notes

Levels and vault maps discovered:
D:1:      ebering_hopf_link, layout_basic, shapermc_ecumenical_altar_notcrosses
D:2:      layout_rooms, serial_bayou_lake_a
D:3:      layout_basic
D:4:      layout_loops_ring, minmay_temple_entry_sparse_star, kennysheep_path_1,
          uniq_crazy_yiuf_cottage, uniq_grinder, uniq_edmund
D:5:      layout_gridville, nicolae_overflow_hallway_of_the_gods,
          old_standard_altar, portal_sewer_entry_a, nicolae_wormholes
D:6:      layout_loops_ring
D:7:      layout_basic, st_stairs_2, minmay_alternating_orb
D:8:      layout_rooms, lemuel_zombie_altar_yredelemnul,
          amethyst_overflow_temple_binary, serial_shops,
          nicolae_shop_statue_plus, roderic_serpentine_path,
          hangedman_glass_teeth, uniq_grum
D:9:      layout_loops_ring, minmay_gold_behind_fungi, nicolae_elemental_shop,
          minmay_hedge_maze
D:10:     layout_irregular_city, grunt_lair_entry_orc_guard_hut,
          nicolae_trove_entry_columns, moated_statue, minmay_between
D:11:     layout_grid_maze
D:12:     layout_basic
D:13:     layout_loops_ring, grunt_ministairs_12, nicolae_vehumet_radiance,
          uniq_nessos
D:14:     layout_rooms, david_vaults_5, portal_ice_cave_entry_pillars_2,
          nicolae_twisting_strands
Temple:   dpeg_three_leaves_temple
Lair:1:   layout_misc_corridors, chequers_serial_rivers_micro_a,
          serial_bayou_shore_a, uniq_fannar
Lair:2:   layout_misc_corridors, minmay_swamp_entry_worms,
          bobbens_dragon_lair_wall
Lair:3:   layout_cave_pods, nzn_sisyphean_effort, uniq_nergalle
Lair:4:   minmay_lair_oklob_chamber, layout_cave_pods, spider_nest_entry_a,
          grunt_megastairs_3
Lair:5:   layout_gridlike, kennysheep_rathole, lemuel_fruit_tree,
          lemuel_fruit_fields, grunt_megastairs_2, serial_bayou_shore_b,
          serial_bayou_shore_b, uniq_kirke
Lair:6:   hangedman_lair_caniforms_friends, layout_cave_pods, wormcave,
          nicolae_slime_entry_slimehenge, chequers_serial_rivers_micro_d,
          st_stairs_13
Orc:1:    layout_caves, enter_volcano_2, serial_shops,
          nicolae_shop_hallway_plus, mines5_lemuel, uniq_maurice
Orc:2:    st_orc_open, layout_caves, basic_altar, hellmonk_bongcloud_opening,
          nicolae_orc_pool_cavern
IceCv:    ice_cave_small_demon

Skill      XL: |  1  2  3  4  5  6  7  8  9 10 11 12 13 14 15 |
---------------+----------------------------------------------+-----
Throwing       | 2 3 4 5 6 7 |  7.8
Armour         | 1 2 3 4 5 6 7 8 9 10 | 10.9
Dodging        | 3 4 5 6 7 8 9 10 11 | 11.4
Fighting       | 3 4 5 6 7 8 9 10 11 12 | 12.1
Invocations    | 2 3 5 6 8 10 11 | 11.5
Short Blades   | 1 3 4 5 7 8 9 10 | 10.1
Shields        | 1 3 4 5 7 8 9 |  9.9
Evocations     | 3 5 7 8 |  8.6
Axes           | |  2.6

Action                   |  1- 3 |  4- 6 |  7- 9 | 10-12 | 13-15 || total
-------------------------+-------+-------+-------+-------+-------++-------
Melee: War axe           |    86 |   119 |       |       |       ||   205
       Short sword       |       |     2 |    50 |       |       ||    52
       Quarterstaff      |       |       |    35 |       |       ||    35
       Rapier            |       |       |   202 |   293 |   798 ||  1293
       Kick              |       |       |       |    54 |   383 ||   437
Throw: Javelin           |       |     7 |     3 |     6 |     7 ||    23
       Boomerang         |       |       |       |       |    18 ||    18
Invok: Upheaval          |       |       |       |     3 |     8 ||    11
       Elemental Force   |       |       |       |     2 |       ||     2
Evoke: Tin of tremorston |       |       |       |       |     2 ||     2
       Wand              |       |       |       |       |     9 ||     9
  Use: Scroll            |       |       |    10 |     6 |    11 ||    27
       Potion            |       |       |     4 |     1 |     1 ||     6
 Stab: Distracted        |       |       |     3 |     2 |    11 ||    16
Armor: Leather armour    |    22 |    14 |    73 |     5 |       ||   114
       Ring mail         |       |    22 |     1 |       |       ||    23
       Skin              |       |     1 |       |       |     8 ||     9
       Chain mail        |       |       |       |    77 |    70 ||   147
       Scale mail        |       |       |       |       |   127 ||   127
Dodge: Dodged            |    96 |   150 |   242 |   130 |   382 ||  1000
       Repelled          |       |       |       |     6 |     9 ||    15
Block: Kite shield       |       |       |    80 |   247 |   812 ||  1139
       Other             |       |       |     4 |       |       ||     4

Table legend: (Time is in decaauts)
 A = Elapsed time spent in this place.
 B = Non-inter-level travel time spent in this place.
 C = Inter-level travel time spent in this place.
 D = Time resting spent in this place.
 E = Time spent auto-exploring this place.
 F = Levels seen in this place.
 G = Mean time per level.
                   A        B        C        D        E       F      G
               +--------+--------+--------+--------+--------+-----+--------+
         Total |  25028 |  23923 |   1105 |    688 |  18566 |  26 |  962.6 |
       Dungeon |  13128 |  12443 |    685 |    506 |   9584 |  14 |  937.7 |
        Temple |    376 |    337 |     39 |      0 |    320 |   1 |  376.0 |
          Lair |   8281 |   7990 |    291 |    182 |   6490 |   6 | 1380.2 |
  Orcish Mines |   1757 |   1667 |     90 |      0 |   1222 |   2 |  878.5 |
         Sewer |    775 |    775 |      0 |      0 |    481 |   1 |  775.0 |
      Ice Cave |    453 |    453 |      0 |      0 |    308 |   1 |  453.0 |
       Volcano |    255 |    255 |      0 |      0 |    161 |   1 |  255.0 |
               +--------+--------+--------+--------+--------+-----+--------+

Top non-repeatable levels by time:
  Lair:6: 2202 daAuts
     D:4: 1725 daAuts
     D:3: 1453 daAuts
  Lair:2: 1381 daAuts
  Lair:4: 1321 daAuts
  Lair:5: 1281 daAuts
   Orc:2: 1244 daAuts
     D:7: 1211 daAuts
  Lair:3: 1125 daAuts
    D:10: 1017 daAuts
     D:6: 1002 daAuts
  Lair:1: 969 daAuts
     D:9: 952 daAuts
    D:12: 894 daAuts
     D:5: 864 daAuts
